 Dungeon Crawl Stone Soup version 0.30-a0-377-g5cb311bc9f (webtiles) character file.

Game seed: 6328674439738184387

65 qeuew the Digger (level 4, -2/24 HPs)
             Began as a Gargoyle Earth Elementalist on Nov 30, 2022.
             Slain by an orc
             ... wielding a +0 war axe
              (10 damage)
             ... on level 3 of the Dungeon.
             The game lasted 00:01:59 (1874 turns).

qeuew the Digger (Gargoyle Earth Elementalist)      Turns: 1874, Time: 00:01:59

Health: -2/24      AC:  5    Str: 12    XL:     4   Next: 14%
Magic:  8/8        EV: 12    Int: 15    God:
Gold:   70         SH:  0    Dex: 12    Spells: 7/8 levels left

rFire   . . .      SeeInvis .    i - +1 mace
rCold   . . .      Faith    .    (no shield)
rNeg    + . .      Spirit   .    a - +0 robe
rPois   ∞          Reflect  .    (no helmet)
rElec   +          Harm     .    (no cloak)
rCorr   .          Rampage  .    (no gloves)
Will    .....                    (no boots)
Stlth   +.........               (no amulet)
HPRegen 0.24/turn                (no ring)
MPRegen 0.11/turn                (no ring)

@: confused
A: sickness immunity, AC +3, negative energy resistance 1, electricity
resistance, torment resistance 1, petrification resistance
a: no special abilities


You were on level 3 of the Dungeon.
You visited 1 branch of the dungeon, and saw 3 of its levels.

You collected 70 gold pieces.

Inventory:

Hand Weapons
 i - a +1 mace (weapon)
Armour
 a - a +0 robe (worn)
Scrolls
 d - a scroll of teleportation
 e - a scroll of identify
 f - a scroll of magic mapping
 g - a scroll of poison
Potions
 b - 2 potions of magic
 c - a potion of might


   Skills:
 + Level 1.0 Maces & Flails
 + Level 1.3 Armour
 + Level 2.0 Dodging
 - Level 2.1 Stealth
 * Level 2.8 Spellcasting
 - Level 0.7 Transmutations
 + Level 4.1 Earth Magic


You had 7 spell levels left.
You knew the following spells:

 Your Spells              Type           Power      Damage    Failure   Level
a - Sandblast             Erth           28%        2d8       3%          1

Your spell library contained the following spells:

 Spells                   Type           Power      Damage    Failure   Level
 Passwall                 Tmut/Erth      7%         N/A       12%         2
 Beastly Appendage        Tmut           8%         N/A       16%         1
 Wereblood                Tmut           4%         N/A       22%         2
 Stone Arrow              Conj/Erth      16%        3d8       26%         3
 Spider Form              Tmut/Pois      3%         N/A       47%         3
 Portal Projectile        Hex/Tloc       4%         N/A       52%         3
 Tukima's Dance           Hex            2%         N/A       52%         3
 Petrify                  Tmut/Erth      9%         N/A       58%         4
 Blade Hands              Tmut           2%         N/A       99%         5


Dungeon Overview and Level Annotations

Branches:
Dungeon (3/15)

Altars:

Shops:
D:1 [


Innate Abilities, Weirdness & Mutations

You are immune to sickness and miasma.
Your stone body is resilient. (AC +3)
You are immune to poison.
You resist negative energy. (rN+)
You are resistant to electric shocks. (rElec)
You are resistant to unholy torment.
You are immune to petrification.


Message History

You barely miss the gnoll.
The gnoll is heavily wounded.
The gnoll completely misses you. The gnoll closely misses you.
The gnoll hits you but does no damage.
The blast of sand hits the gnoll.
The gnoll is severely wounded.
The gnoll hits you from afar with a +0 spear. x2
The gnoll hits you with a +0 club. The gnoll completely misses you.
The gnoll misses you. The gnoll completely misses you.
The blast of sand hits the gnoll.
You kill the gnoll!
The gnoll hits you from afar with a +0 spear.
The gnoll closely misses you.
You have reached level 4!
You feel stronger.
There is a stone staircase leading up here.
The gnoll hits you from afar with a +0 spear.
* * * LOW HITPOINT WARNING * * *
The gnoll barely misses you.
You climb upwards.
There is a stone staircase leading down here.
Magic restored.
There is an open door here.
There is a stone staircase leading down here.
You climb downwards.
The orc shouts!
The orc wizard shouts!
The orc shouts! x2
The orc wizard points at you and mumbles some strange words.
You are confused.
The orc hits you with a +0 war axe!
Found a potion of might and a pair of runed boots.
There is a stone staircase leading up here.
The orc barely misses you.
In your confused state, you trip and fall back down the stairs.
The orc barely misses you. The orc hits you but does no damage.
Unknown command.
The orc closely misses you. The orc hits you but does no damage.
In your confused state, you trip and fall back down the stairs.
The orc wizard misses you. The orc hits you with a +0 whip.
The orc barely misses you. The orc hits you with a +0 war axe!
You die...

##########
#...!...[#
#..oo@...#
#...oo...#
#........#
#........#
..........#
#..........#
..#........#
..#........#


You could see an orc wizard and 3 orcs.

Vanquished Creatures
  A gnoll (D:3)
  An adder (D:2)
  A dart slug (D:1)
  3 endoplasms (D:1)
  4 giant cockroaches (D:1)
  7 goblins
  6 hobgoblins
  4 kobolds
  3 quokkas (D:1)
  5 bats
  2 frilled lizards
  2 rats (D:1)
39 creatures vanquished.

Notes
Turn   | Place    | Note
-------+----------+-------------------------------------------
     0 | D:1      | qeuew the Gargoyle Earth Elementalist began the quest for
                  | the Orb.
     0 | D:1      | Reached XP level 1. HP: 10/10 MP: 3/3
   146 | D:1      | Reached XP level 2. HP: 9/15 MP: 1/5
   488 | D:1      | Reached XP level 3. HP: 7/19 MP: 1/6
   554 | D:1      | Reached skill level 1 in Armour
   607 | D:1      | Found Inel's Armour Boutique.
  1421 | D:2      | Reached skill level 1 in Maces & Flails
  1421 | D:2      | Reached skill level 4 in Earth Magic
  1808 | D:3      | Reached XP level 4. HP: 11/24 MP: 4/8
  1874 | D:3      | Slain by an orc

Illustrated notes

Levels and vault maps discovered:
D:1:      lightli_arrival_statuegarden, layout_loops_ring, serial_shops, shop
D:2:      layout_basic
D:3:      layout_rooms, mainiacjoe_overflow_six_doors_small

Skill      XL: |  1  2  3 |
---------------+----------+-----
Armour         | 1 |  1.3
Dodging        | 2 |  2.0
Maces & Flails | 1 |  1.0
Earth Magic    | 4 |  4.1
Stealth        | |  2.1
Spellcasting   | |  2.8
Transmutations | |  0.7

Action                   |  1- 3 |  4- 6 || total
-------------------------+-------+-------++-------
Melee: Club              |    13 |       ||    13
       Mace              |     5 |       ||     5
 Cast: Sandblast         |    50 |       ||    50
  Use: Scroll            |     5 |       ||     5
       Potion            |     3 |       ||     3
 Stab: Distracted        |     1 |       ||     1
Armor: Robe              |    18 |     2 ||    20
Dodge: Dodged            |    24 |     6 ||    30

Table legend: (Time is in decaauts)
 A = Elapsed time spent in this place.
 B = Non-inter-level travel time spent in this place.
 C = Inter-level travel time spent in this place.
 D = Time resting spent in this place.
 E = Time spent auto-exploring this place.
 F = Levels seen in this place.
 G = Mean time per level.
                   A        B        C        D        E       F      G
               +--------+--------+--------+--------+--------+-----+--------+
         Total |   1903 |   1761 |    142 |      0 |   1522 |   3 |  634.3 |
       Dungeon |   1903 |   1761 |    142 |      0 |   1522 |   3 |  634.3 |
               +--------+--------+--------+--------+--------+-----+--------+

Top non-repeatable levels by time:
     D:1: 1027 daAuts
     D:2: 862 daAuts
     D:3: 13 daAuts
